 Dungeon Sprint DCSS version 0.18.1-6-gd335043 (webtiles) character file.

14000000 Groucho the Invulnerable (level 27, -58/199 HPs)
             Began as a Gargoyle Wanderer on May 20, 2016.
             Was the Champion of Makhleb.
             Annihilated by a fleshlord
             ... wielding a +9 great mace
              (174 damage)
             ... in the Dungeon (Sprint VIII: "Arena of Blood").
             The game lasted 00:04:20 (140 turns).

Groucho the Invulnerable (Gargoyle Wanderer)         Turns: 140, Time: 00:04:21

Health: -58/199    AC: 25    Str: 15    XL:     27
Magic:  50/54      EV: 34    Int: 18    God:    Makhleb [******]
Gold:   0          SH:  0    Dex: 18    Spells: 0 memorised, 80 levels left

rFire  . . .     SeeInvis .     m - +∞ Axe of Woe
rCold  . . .     Gourm    .     e - +0 robe
rNeg   + . .     Faith    .     (shield currently unavailable)
rPois  ∞         Spirit   .     (no helmet)
rElec  +         Dismiss  .     (no cloak)
rCorr  .         Reflect  .     (no gloves)
SustAt .         Harm     .     (no boots)
MR     ++...     NoTele   +     (no amulet)
Stlth  +++++++++.               (no ring)
                                (no ring)

@: very slightly contaminated, hasted and slowed, very resistant to hostile
enchantments, incredibly stealthy
A: big wings, negative energy resistance 1, electricity resistance, unbreathing,
petrification resistance, rot immunity, AC +20
a: Fly, Minor Destruction, Lesser Servant of Makhleb, Major Destruction, Greater
Servant of Makhleb, Renounce Religion


You were in the Dungeon.
You worshipped Makhleb.
Makhleb was exalted by your worship.
You were not hungry.

You visited 1 branch

Inventory:

Hand Weapons
 b - a +0 hand axe
 c - a +0 shortbow
 m - the +∞ Axe of Woe (weapon)
   (You found it in the Dungeon)
Missiles
 d - 29 arrows
Armour
 e - a +0 robe (worn)
Scrolls
 l - a scroll of blinking
Potions
 g - a potion of curing
 h - a potion of heal wounds
 j - 2 potions of magic
 k - a potion of berserk rage
Books
 a - a book of Flames

   Spells                             Type                      Level
   a - Flame Tongue                   Conjuration/Fire             1
   b - Throw Flame                    Conjuration/Fire             2
   c - Conjure Flame                  Conjuration/Fire             3
   d - Inner Flame                    Hexes/Fire                   3
   e - Sticky Flame                   Conjuration/Fire             4
   f - Fireball                       Conjuration/Fire             5
Comestibles
 f - a bread ration


   Skills:
 O Level 27 Fighting
 O Level 27 Axes
 O Level 27 Bows
 O Level 27 Throwing
 O Level 27 Armour
 O Level 27 Dodging
 O Level 27 Stealth
   Level 1.1 Shields
 O Level 27 Unarmed Combat
 O Level 27 Spellcasting
   Level 2.0 Fire Magic
   Level 1.0 Poison Magic
 O Level 27 Invocations


You had 80 spell levels left.
You didn't know any spells.

Dungeon Overview and Level Annotations

Branches:
Dungeon (1/1)

Altars:
Makhleb


Innate Abilities, Weirdness & Mutations

You are resistant to torment.
Your stone body is resilient (AC +20).
You are immune to poison.
Your large and strong wings let you fly indefinitely.
You resist negative energy.
You are resistant to electric shocks.
You can survive without breathing.
You are immune to petrification.
You are immune to rotting.


Message History

The eight-headed meat hydra roars!
You hit the bag of meat but do no damage.
You dissect the bag of meat like a pig carcass.
You kill the bag of meat!
Makhleb accepts your kill.
You hear a shout!
The dread calls on the powers of darkness!
The bag of meat convulses!
The fleshlord convulses!
The meat berserker convulses!
Your body is wracked with pain!
The bag of meat convulses!
The eight-headed meat hydra convulses!
You hear a shout! x4
The eight-headed meat hydra calls on the powers of darkness!
The eight-headed meat hydra convulses!
The bag of meat convulses! x2
The fleshlord convulses!
Your body is wracked with pain!
An orc and a hell beast come into view.
The meat berserker rages.
You hear a shout! x6
The fleshlord hits you with a +9 great mace!!!!!
Ouch! That really hurt!
You die...

...... .. .D...
#. ..M.# #.. ...#
.O .###..
...###.z.
......###o.o.o.o.
....2%_.zo..oOOO
#.Mo)p# #_.O)@#
#.%.))#
......_.....
.....%###......
.###.. ...###Vo
#.M .W.# . #.
...# .. .....


You could see 2 accurseds, a meat beast (wandering), an eight-headed meat hydra,
a fleshlord, a sculptor of flesh, a dread, a meat berserker (berserk) and 4 bags
of meat.

Vanquished Creatures
  2 hell knights (D)
  11 hell beasts (D)
  3 greater mummies (D)
  3 great orbs of eyes (D)
  9 wraiths (D)
  10 vampire knights (D)
  46 ogres (D)
  3 liches (D)
  A hydra (D)
  46 orcs (D)
  3 phantoms (D)
  5 hill giants (D)
  7 skeletal warriors (D)
  8 large abominations (D)
  6 small abominations (D)
  8 crawling corpses (D)
171 creatures vanquished.

Vanquished Creatures (others)
  2 crawling corpses (D)
2 creatures vanquished.

Grand Total: 173 creatures vanquished

Notes
Turn   | Place    | Note
--------------------------------------------------------------
     0 | D        | Groucho the Gargoyle Wanderer began the quest for the Orb.
     0 | D        | Groucho set off with: a book of Flames, a +0 hand axe, a +0 shortbow, 29 arrows, a +0 robe, a bread ration, a potion of curing, a potion of heal wounds, a potion of haste, 2 potions of magic, a potion of berserk rage, a scroll of blinking
     0 | D        | Reached XP level 1. HP: 16/16 MP: 1/1
     3 | D        | Noticed a bag of meat
     4 | D        | Became a worshipper of Makhleb the Destroyer
     5 | D        | Noticed a bag of meat
     6 | D        | Noticed a bag of meat
     7 | D        | Noticed a meat berserker
     9 | D        | Killed a bag of meat
     9 | D        | Reached skill level 15 in Armour
     9 | D        | Reached XP level 2. HP: 36/36 MP: 2/2
     9 | D        | Reached XP level 3. HP: 40/40 MP: 3/3
     9 | D        | Reached XP level 4. HP: 46/46 MP: 4/4
     9 | D        | Reached XP level 5. HP: 51/51 MP: 5/5
     9 | D        | Reached XP level 6. HP: 56/56 MP: 6/6
     9 | D        | Reached XP level 7. HP: 62/62 MP: 7/7
     9 | D        | Reached XP level 8. HP: 68/68 MP: 8/8
     9 | D        | Reached XP level 9. HP: 72/72 MP: 9/9
     9 | D        | Reached XP level 10. HP: 78/78 MP: 10/10
     9 | D        | Reached XP level 11. HP: 83/83 MP: 11/11
     9 | D        | Reached XP level 12. HP: 88/88 MP: 12/12
    10 | D        | Killed a meat berserker
    10 | D        | Reached * piety under Makhleb
    10 | D        | Reached skill level 15 in Dodging
    10 | D        | Reached XP level 13. HP: 101/101 MP: 13/13
    10 | D        | Gained mutation: Your large and strong wings let you fly indefinitely. [Gargoyle growth]
    10 | D        | Reached XP level 14. HP: 107/107 MP: 14/14
    11 | D        | Noticed a bag of meat
    11 | D        | Noticed a bag of meat
    11 | D        | Noticed a meat berserker
    11 | D        | Noticed a bag of meat
    12 | D        | Noticed a bag of meat
    12 | D        | Noticed a meat berserker
    12 | D        | Noticed a bag of meat
    13 | D        | Noticed a meat berserker
    13 | D        | Killed a bag of meat
    13 | D        | Killed a bag of meat
    13 | D        | Reached ** piety under Makhleb
    13 | D        | Reached XP level 15. HP: 76/116 MP: 15/15
    14 | D        | Noticed a meat berserker
    15 | D        | Noticed a meat berserker
    16 | D        | Killed a meat berserker
    16 | D        | Reached *** piety under Makhleb
    16 | D        | Reached XP level 16. HP: 85/128 MP: 16/16
    17 | D        | Killed a meat berserker
    17 | D        | Reached XP level 17. HP: 90/136 MP: 17/17
    17 | D        | Killed a meat berserker
    17 | D        | Reached skill level 27 in Fighting
    17 | D        | Reached skill level 27 in Armour
    18 | D        | Reached **** piety under Makhleb
    18 | D        | Reached XP level 18. HP: 145/145 MP: 18/18
    18 | D        | Killed a meat berserker
    18 | D        | Reached skill level 27 in Axes
    19 | D        | Killed a meat berserker
    19 | D        | Reached ***** piety under Makhleb
    19 | D        | Reached skill level 27 in Dodging
    19 | D        | Reached XP level 19. HP: 151/151 MP: 18/26
    20 | D        | Noticed a large bag of meat
    22 | D        | Noticed a meat berserker
    22 | D        | Reached skill level 15 in Invocations
    23 | D        | Noticed a destroyer
    24 | D        | Noticed a meat berserker
    24 | D        | Noticed a meat berserker
    24 | D        | Reached XP level 20. HP: 157/157 MP: 18/33
    26 | D        | Reached ****** piety under Makhleb
    26 | D        | Reached skill level 27 in Stealth
    28 | D        | Noticed a destroyer
    28 | D        | Killed a large bag of meat
    28 | D        | Reached XP level 21. HP: 163/163 MP: 19/38
    28 | D        | Killed a meat berserker
    28 | D        | Reached skill level 27 in Unarmed Combat
    28 | D        | Reached skill level 27 in Invocations
    28 | D        | Killed a destroyer
    28 | D        | Reached skill level 15 in Bows
    29 | D        | Reached skill level 15 in Spellcasting
    29 | D        | Reached XP level 22. HP: 169/169 MP: 19/41
    31 | D        | Noticed a destroyer
    33 | D        | Noticed a destroyer
    34 | D        | Killed a destroyer
    34 | D        | Reached XP level 23. HP: 175/175 MP: 21/50
    35 | D        | Noticed a destroyer
    35 | D        | Reached skill level 27 in Bows
    38 | D        | Reached skill level 27 in Throwing
    38 | D        | Reached skill level 27 in Spellcasting
    38 | D        | Reached XP level 24. HP: 181/181 MP: 22/54
    40 | D        | Killed a destroyer
    41 | D        | Killed a destroyer
    41 | D        | Reached XP level 25. HP: 187/187 MP: 22/54
    42 | D        | Noticed a destroyer
    44 | D        | Killed a destroyer
    45 | D        | Killed a destroyer
    45 | D        | Reached XP level 26. HP: 193/193 MP: 23/54
    50 | D        | Reached XP level 27. HP: 199/199 MP: 25/54
    54 | D        | Noticed a destroyer
    58 | D        | Noticed a destroyer
    59 | D        | Noticed a destroyer
    59 | D        | Killed a destroyer
    60 | D        | Killed a destroyer
    61 | D        | Killed a destroyer
    65 | D        | Noticed a tyrant
    67 | D        | Noticed a meat beast
    69 | D        | Killed a meat beast
    75 | D        | Noticed a meat beast
    77 | D        | Killed a tyrant
    77 | D        | Killed a meat beast
    78 | D        | Noticed a meat beast
    78 | D        | Noticed a meat beast
    79 | D        | Killed a meat beast
    81 | D        | Noticed a meat beast
    82 | D        | Noticed a dread
    82 | D        | Noticed a meat beast
    82 | D        | Killed a meat beast
    83 | D        | Killed a meat beast
    84 | D        | Noticed a meat beast
    84 | D        | Noticed a dread
    86 | D        | Killed a meat beast
    87 | D        | Noticed an accursed
    87 | D        | Noticed a tyrant
    89 | D        | Noticed a meat beast
    90 | D        | Killed a meat beast
    93 | D        | Noticed a meat beast
    93 | D        | Killed a dread
    94 | D        | Killed a meat beast
    95 | D        | Killed a dread
    96 | D        | Killed a meat beast
   100 | D        | Noticed a meat beast
   100 | D        | Killed a meat beast
   100 | D        | Killed a tyrant
   101 | D        | Noticed an accursed
   105 | D        | Noticed a destroyer
   105 | D        | Noticed a tyrant
   108 | D        | Noticed a dread
   110 | D        | Killed an accursed
   112 | D        | Noticed a dread
   112 | D        | Noticed a destroyer
   113 | D        | Killed a tyrant
   115 | D        | Noticed a dread
   115 | D        | Killed an accursed
   117 | D        | Killed a dread
   118 | D        | Killed a dread
   118 | D        | Killed a destroyer
   120 | D        | Killed a dread
   124 | D        | Noticed a dread
   124 | D        | Noticed a dread
   125 | D        | Noticed an accursed
   126 | D        | Noticed a fleshlord
   127 | D        | Noticed a fleshlord
   129 | D        | Noticed a dread
   131 | D        | Noticed a dread
   131 | D        | Killed a dread
   131 | D        | Killed a fleshlord
   131 | D        | Killed a dread
   132 | D        | Noticed an accursed
   132 | D        | Killed an accursed
   133 | D        | Killed a dread
   134 | D        | Noticed a meat beast
   134 | D        | Killed a fleshlord
   134 | D        | Killed a dread
   135 | D        | Noticed a fleshlord
   135 | D        | Noticed a dread
   136 | D        | Noticed an accursed
   136 | D        | Killed a meat beast
   138 | D        | Noticed a dread
   140 | D        | Noticed a meat beast
   140 | D        | Annihilated by a fleshlord

Skill      XL: |  1  2  3  4  5  6  7  8  9 10 11 12 13 14 15 16 17 18 19 20 21 22 23 |
---------------+----------------------------------------------------------------------+-----
Fighting       | 16 19 22 24 26 27 | 27.0
Axes           | 13 16 18 21 22 25 27 | 27.0
Armour         | 15 19 21 24 25 27 | 27.0
Dodging        | 12 15 17 19 21 23 27 | 27.0
Stealth        | 13 26 27 | 27.0
Unarmed Combat | 8 17 25 27 | 27.0
Invocations    | 9 18 26 27 | 27.0
Bows           | 17 25 27 | 27.0
Throwing       | 16 23 27 | 27.0
Spellcasting   | 15 23 27 | 27.0
Shields        | |  1.1
Fire Magic     | |  2.0
Poison Magic   | |  1.0

Action                   |  1- 3 |  4- 6 |  7- 9 | 10-12 | 13-15 | 16-18 | 19-21 | 22-24 | 25-27 || total
-------------------------+-------+-------+-------+-------+-------+-------+-------+-------+-------++-------
Melee: Executioner's axe |     1 |       |       |     1 |     2 |     3 |     8 |     8 |    67 ||    90
  Use: Potion            |       |       |       |       |       |       |       |       |     1 ||     1
Armor: Robe              |       |       |       |       |       |       |       |     2 |    13 ||    15
Dodge: Dodged            |       |       |       |       |       |       |       |     1 |     9 ||    10
